 Dungeon Sprint DCSS version 0.16-a0-3532-g139d762 (console) character file.

11949 mauris the Shatterer (level 11, -4/60 HPs)
             Began as a Gargoyle Berserker on Jan 7, 2015.
             Was the Champion of Trog.
             Slain by an orc knight
             ... wielding a +0 long sword
              (17 damage)
             ... in the Dungeon (Sprint IX: "|||||||||||||||||||||||||||||").
             The game lasted 00:08:44 (1705 turns).

mauris the Shatterer (Gargoyle Berserker)           Turns: 1705, Time: 00:08:44

Health: -4/60      AC: 22    Str: 25    XL:     11   Next: 85%
Magic:  3/3        EV:  8    Int:  8    God:    Trog [******]
Gold:   1291       SH:  0    Dex: 11    Spells: 0 memorised, 10 levels left

rFire  . . .     SeeInvis .     x - +4 great mace (antimagic)
rCold  . . .     Clarity  .     m - +1 chain mail
rNeg   + . .     SustAb   .     (no shield)
rPois  ∞         Gourm    .     l - +0 helmet
rElec  +         Spirit   .     B - +0 cloak
rCorr  .         Warding  .     C - +0 pair of gloves
rMut   .         NoTele   +     (no boots)
MR     .....                    (no amulet)
Stlth  ..........               n - +2 ring of protection
                                b - +3 ring of strength

@: exhausted, slowed, very slow, not resistant to hostile enchantments,
extremely unstealthy
A: negative energy resistance 1, electricity resistance, unbreathing,
petrification resistance, rot immunity, AC +7
a: Burn Spellbooks, Berserk, Trog's Hand, Brothers in Arms, Renounce Religion


You were in the Dungeon.
You worshipped Trog.
Trog was exalted by your worship.
You were near starving.

You visited 1 branch You collected 1291 gold pieces.

Inventory:

Hand weapons
 a - a +0 mace
 o - a +2 morningstar of protection
 x - a +4 antimagic great mace (weapon)
 y - a +1 dire flail of crushing
Armour
 l - a +0 helmet (worn)
 m - a +1 chain mail (worn)
 B - a +0 cloak (worn)
 C - a +0 pair of gloves (worn)
Jewellery
 b - a +3 ring of strength (left hand)
 n - a +2 ring of protection (right hand)
Magical devices
 k - a wand of fire (7)
Scrolls
 i - 4 scrolls of blinking
 j - 3 scrolls of remove curse
 u - 2 scrolls of recharging
 v - a scroll of fog
 w - 2 scrolls of enchant armour
Potions
 d - 3 potions of curing {@q1}
 e - 2 potions of heal wounds {@q2}
 f - 3 potions of haste {@q3}
 g - 4 potions of magic
 h - a potion of berserk rage {!q}
 p - a potion of invisibility
 q - a potion of agility
 r - a potion of cure mutation
 s - 2 potions of brilliance
 t - 2 potions of resistance
Comestibles
 c - 13 bread rations
 z - 40 fruits
 A - 12 meat rations


   Skills:
 - Level 3.2 Fighting
 + Level 25.4 Maces & Flails
 - Level 2.1 Armour
 - Level 1.5 Dodging


You had 10 spell levels left.
You didn't know any spells.

Dungeon Overview and Level Annotations

Branches:
Dungeon (1/1)

Altars:
Cheibriados
Dithmenos
Elyvilon
Fedhas
Gozag
Kikubaaqudgha
Makhleb
Nemelex Xobeh
Okawaru
Qazlal
Ru
Sif Muna
Trog
Vehumet
Xom
Yredelemnul
Zin
The Shining One
Beogh
Jiyva
Lugonu

Shops:
D **:


Innate Abilities, Weirdness & Mutations

You are resistant to torment.
You are immune to poison.
Your stone body is very resilient (AC +7).
You resist negative energy.
You are resistant to electric shocks.
You can survive without breathing.
You are immune to petrification.
You are immune to rotting.


Message History

Found 50 gold pieces.
Things that are here:
a glaive; a chain mail; 50 gold pieces You sock the orc knight!
The orc knight is moderately wounded.
The orc knight hits you with a long sword.
You hit the orc knight but do no damage.
The orc knight is moderately wounded.
You bludgeon the orc knight!!
The orc knight is heavily wounded.
The orc knight hits you but does no damage.
Your chain mail prevents you from hitting the orc knight.
The orc knight is heavily wounded.
The orc knight hits you with a long sword!
* * * LOW HITPOINT WARNING * * *
The orc high priest prays.
Your chain mail prevents you from hitting the orc knight.
The orc knight is heavily wounded.
The orc knight hits you with a long sword!
You die...

▓$▓.▓.▓.▓.▓
▓∩▓.▓.▓.▓.▓
▓.▓.▓.▓.▓)▓
▓o▓.▓.▓.▓.▓
▓4▓.▓.▓.▓.▓
▓4▓.▓.▓.▓[▓
▓o▓)▓.▓.▓[▓
▓o▓.▓.▓.▓.▓
▓@▓.▓.▓.▓)▓
▓)▓.▓.▓.▓|▓
▓)▓.▓'▓.▓?▓
▓)▓.▓.▓.▓.▓
▓.▓.▓.▓.▓'▓
▓.▓.▓.▓.▓_▓
▓.▓.▓.▓.▓_▓
▓.▓.▓.▓.▓_▓
▓.▓.▓.▓.▓_▓


You could see an orc knight, 2 orc high priests, an orange demon and a red
devil.

Vanquished Creatures
  A stone giant (D)
  Josephine (D)
  A hydra (D)
  2 orc high priests (D)
  Erolcha (D)
  4 orc knights (D)
  A gargoyle (D)
  A komodo dragon (D)
  5 spiny frogs (D)
  A polar bear (D)
  A blink frog (D)
  A troll (D)
  A basilisk (D)
  A wyvern (D)
  A vampire mosquito (D)
  2 ogres (D)
  6 orc warriors (D)
  2 porcupines (D)
  A crocodile (D)
  3 giant frogs (D)
  A killer bee (D)
  A crimson imp (D)
  A jelly (D)
  An orc priest (D)
  A worker ant (D)
  3 orc wizards (D)
  An iguana (D)
  A river rat (D)
  2 adders (D)
  An adder zombie (D)
  2 adder skeletons (D)
  An adder simulacrum (D)
  8 orcs (D)
  A bat (D)
  A bat zombie (D)
  2 giant cockroaches (D)
  A quokka (D)
  A giant gecko zombie (D)
  2 jackal skeletons (D)
  A kobold (D)
  A quokka simulacrum (D)
  4 rats (D)
75 creatures vanquished.

Vanquished Creatures (collateral kills)
  An ettin (D)
  A death yak (D)
  2 orc knights (D)
  3 blink frogs (D)
  2 orc warriors (D)
  An orc wizard (D)
  An adder (D)
11 creatures vanquished.

Vanquished Creatures (others)
  A hill giant (D)
  A fungus (D)
2 creatures vanquished.

Grand Total: 88 creatures vanquished

Notes
Turn   | Place    | Note
--------------------------------------------------------------
     0 | D        | mauris, the Gargoyle Berserker, began the quest for the Orb.
     0 | D        | Reached XP level 1. HP: 14/14 MP: 1/1
    12 | D        | Acquired Trog's second power
    12 | D        | Reached skill level 4 in Maces & Flails
    27 | D        | Noticed a crimson imp
    41 | D        | Reached XP level 2. HP: 13/19 MP: 2/2
    42 | D        | Acquired Trog's third power
    43 | D        | Reached skill level 5 in Maces & Flails
    53 | D        | Killed a crimson imp
    53 | D        | Reached skill level 7 in Maces & Flails
    53 | D        | Reached XP level 3. HP: 10/23 MP: 3/3
   235 | D        | Found a glowing silver altar of Zin.
   235 | D        | Found a glowing golden altar of the Shining One.
   235 | D        | Found an ancient bone altar of Kikubaaqudgha.
   235 | D        | Found a basalt altar of Yredelemnul.
   235 | D        | Found a shimmering altar of Xom.
   235 | D        | Found a radiant altar of Vehumet.
   235 | D        | Found an iron altar of Okawaru.
   236 | D        | Found a burning altar of Makhleb.
   237 | D        | Found a deep blue altar of Sif Muna.
   238 | D        | Found a bloodstained altar of Trog.
   239 | D        | Found a sparkling altar of Nemelex Xobeh.
   240 | D        | Found a white marble altar of Elyvilon.
   241 | D        | Found a roughly hewn altar of Beogh.
   242 | D        | Found a viscous altar of Jiyva.
   243 | D        | Found a corrupted altar of Lugonu.
   244 | D        | Found a blossoming altar of Fedhas.
   245 | D        | Found a snail-covered altar of Cheibriados.
   246 | D        | Found a shadowy altar of Dithmenos.
   247 | D        | Found a stormy altar of Qazlal.
   248 | D        | Found an opulent altar of Gozag.
   249 | D        | Found a sacrificial altar of Ru.
   327 | D        | Noticed a worker ant
   327 | D        | Noticed a killer bee
   327 | D        | Noticed an ogre
   327 | D        | Noticed a gargoyle
   337 | D        | Killed a gargoyle
   337 | D        | Reached skill level 13 in Maces & Flails
   337 | D        | Reached XP level 4. HP: 28/28 MP: 4/4
   337 | D        | Reached XP level 5. HP: 32/32 MP: 5/5
   337 | D        | Reached XP level 6. HP: 37/37 MP: 6/6
   340 | D        | Killed an ogre
   340 | D        | Reached skill level 14 in Maces & Flails
   348 | D        | Killed a killer bee
   348 | D        | Reached XP level 7. HP: 41/41 MP: 7/7
   351 | D        | Killed a worker ant
   381 | D        | Noticed a wyvern
   381 | D        | Noticed a jelly
   381 | D        | Noticed a troll
   381 | D        | Noticed an ogre
   389 | D        | Killed an ogre
   396 | D        | Killed a troll
   396 | D        | Reached skill level 15 in Maces & Flails
   398 | D        | Killed a jelly
   398 | D        | Reached skill level 16 in Maces & Flails
   401 | D        | Killed a wyvern
   401 | D        | Reached XP level 8. HP: 46/46 MP: 8/8
   560 | D        | Noticed a porcupine
   560 | D        | Noticed an iguana
   560 | D        | Noticed a giant frog
   560 | D        | Noticed a giant frog
   560 | D        | Noticed an eight-headed hydra
   560 | D        | Noticed a porcupine
   566 | D        | Killed a porcupine
   572 | D        | Noticed a spiny frog
   574 | D        | Killed an eight-headed hydra
   574 | D        | Reached skill level 18 in Maces & Flails
   574 | D        | Reached XP level 9. HP: 36/51 MP: 9/9
   577 | D        | Killed a giant frog
   581 | D        | Killed a giant frog
   583 | D        | Killed an iguana
   583 | D        | Received a gift from Trog
   588 | D        | Killed a porcupine
   594 | D        | Killed a spiny frog
   594 | D        | Reached skill level 19 in Maces & Flails
   831 | D        | Noticed a polar bear
   831 | D        | Noticed a komodo dragon
   831 | D        | Noticed a spiny frog
   831 | D        | Noticed a basilisk
   831 | D        | Noticed a giant frog
   831 | D        | Noticed a crocodile
   834 | D        | Noticed a death yak
   837 | D        | Killed a crocodile
   837 | D        | Received a gift from Trog
   842 | D        | Killed a giant frog
   847 | D        | Killed a basilisk
   852 | D        | Killed a spiny frog
   852 | D        | Reached skill level 20 in Maces & Flails
   857 | D        | Killed a komodo dragon
   863 | D        | Killed a polar bear
   863 | D        | Reached XP level 10. HP: 45/56 MP: 10/10
   867 | D        | Killed a death yak
   874 | D        | Received a gift from Trog
   933 | D        | Noticed a blink frog
   933 | D        | Noticed a spiny frog
   933 | D        | Noticed a spiny frog
   933 | D        | Noticed a blink frog
   933 | D        | Noticed a vampire mosquito
   933 | D        | Noticed a blink frog
   933 | D        | Noticed a blink frog
   937 | D        | Noticed a spiny frog
   947 | D        | Killed a vampire mosquito
   947 | D        | Reached skill level 21 in Maces & Flails
   953 | D        | Killed a spiny frog
   956 | D        | Killed a spiny frog
   963 | D        | Killed a spiny frog
   964 | D        | Killed a blink frog
   964 | D        | Received a gift from Trog
   971 | D        | Killed a blink frog
   976 | D        | Killed a blink frog
   976 | D        | Reached skill level 22 in Maces & Flails
   979 | D        | Killed a blink frog
  1147 | D        | Noticed Josephine
  1162 | D        | Killed Josephine
  1162 | D        | Received a gift from Trog
  1287 | D        | Noticed Erolcha
  1294 | D        | Killed Erolcha
  1357 | D        | Noticed a stone giant
  1357 | D        | Noticed an orc warrior
  1357 | D        | Noticed an orc wizard
  1357 | D        | Noticed an orc wizard
  1360 | D        | Noticed an orc wizard
  1362 | D        | Killed an orc wizard
  1365 | D        | Killed an orc wizard
  1365 | D        | Reached XP level 11. HP: 60/60 MP: 3/11
  1366 | D        | Noticed an orc warrior
  1368 | D        | Received a gift from Trog
  1373 | D        | Killed an orc warrior
  1373 | D        | Reached skill level 23 in Maces & Flails
  1377 | D        | Killed an orc wizard
  1386 | D        | Killed a stone giant
  1392 | D        | Killed an orc warrior
  1397 | D        | Received a gift from Trog
  1522 | D        | Noticed an orc warrior
  1522 | D        | Noticed an orc warrior
  1522 | D        | Noticed an orc wizard
  1522 | D        | Noticed an orc warrior
  1522 | D        | Noticed an orc knight
  1522 | D        | Noticed an orc warrior
  1522 | D        | Noticed an orc warrior
  1524 | D        | Noticed an orc priest
  1525 | D        | Killed an orc warrior
  1529 | D        | Killed an orc warrior
  1530 | D        | Noticed an orc knight
  1537 | D        | Killed an orc knight
  1538 | D        | Noticed an ettin
  1541 | D        | Killed an orc warrior
  1542 | D        | Noticed an orc warrior
  1544 | D        | Noticed an orc knight
  1546 | D        | Killed an orc knight
  1546 | D        | Received a gift from Trog
  1546 | D        | Reached skill level 24 in Maces & Flails
  1547 | D        | Killed an orc warrior
  1565 | D        | Killed an orc warrior
  1568 | D        | Killed an orc priest
  1571 | D        | Killed an ettin
  1571 | D        | Killed an orc warrior
  1573 | D        | Killed an orc wizard
  1573 | D        | Received a gift from Trog
  1579 | D        | Killed an orc knight
  1667 | D        | Found Cletanet's Book Boutique.
  1667 | D        | Noticed an orc knight
  1667 | D        | Noticed an orc knight
  1667 | D        | Noticed an orc knight
  1667 | D        | Noticed an orc knight
  1667 | D        | Noticed an orc high priest
  1667 | D        | Noticed an orc high priest
  1670 | D        | Noticed an orc high priest
  1674 | D        | Killed an orc high priest
  1676 | D        | Killed an orc high priest
  1677 | D        | Found Zaifiep's General Store.
  1687 | D        | Killed an orc knight
  1687 | D        | Reached skill level 25 in Maces & Flails
  1695 | D        | Killed an orc knight
  1695 | D        | Received a gift from Trog
  1696 | D        | Found Toplyitu's Assorted Antiques.
  1699 | D        | Killed an orc knight
  1700 | D        | Noticed an orc high priest
  1705 | D        | Slain by an orc knight

Action                   |  1- 3 |  4- 6 |  7- 9 | 10-12 || total
-------------------------+-------+-------+-------+-------++-------
Melee: Mace              |    38 |       |       |       ||    38
       Morningstar       |     7 |    11 |    79 |       ||    97
       Great mace        |       |       |       |   134 ||   134
Invok: Berserk           |     1 |       |     3 |     4 ||     8
       Brothers in Arms  |       |       |       |     5 ||     5
       Trog's Hand       |       |       |       |     1 ||     1
  Use: Potion            |     2 |       |       |     3 ||     5
  Eat: Chunk             |       |       |     3 |     7 ||    10

Vault maps used:
D:        linesprint
